 Dungeon Crawl Stone Soup version 0.30.0-29-ga12c61a403 (webtiles) character file.

Game seed: 2285955325963265370

39 cdecastro the Ruffian (level 3, -4/31 HPs)
             Began as a Ghoul Fighter on June 12, 2023.
             Slain by Terence
             ... wielding a +0 flail
              (11 damage)
             ... on level 2 of the Dungeon.
             The game lasted 00:02:08 (1241 turns).

cdecastro the Ruffian (Ghoul Fighter)               Turns: 1241, Time: 00:02:09

Health: -4/31      AC:  6    Str: 21    XL:     3   Next: 45%
Magic:  2/2        EV:  9    Int:  3    God:
Gold:   38         SH:  4    Dex:  8    Spells: 2/2 levels left

rFire   . .          .
                       - Unarmed
rCold   + . .        b - +0 buckler
rNeg    + + +        a - +0 scale mail
rPois   ∞            (no helmet)
rElec   .            (no cloak)
rCorr   .            (no gloves)
SInv    .            (no boots)
Will    .....        (no amulet) Stlth
                     (no ring)
HPRegen 0.00/turn    (no ring)
MPRegen 0.08/turn

%: no passive effects
@: mighty, inhibited regen
A: claws 1, cold resistance 1, negative energy resistance 3, inhibited
regeneration, torment resistance 2, devour on kill
a: no special abilities


You were on level 2 of the Dungeon.
You visited 1 branch of the dungeon, and saw 2 of its levels.

You collected 38 gold pieces.

Inventory:

Missiles
 m - 3 poisoned darts (quivered)
Armour
 a - a +0 scale mail (worn)
 b - a +0 buckler (worn)
Wands
 n - a wand of polymorph (10)
Scrolls
 d - 2 scrolls of magic mapping {unknown}
 h - a scroll of fear {unknown}
 i - a scroll of noise {unknown}
 k - a scroll of identify {unknown}
Potions
 e - 2 potions of heal wounds
 f - 2 potions of mutation {unknown}
 g - a potion of degeneration {unknown}
 j - 3 potions of curing {unknown}
 l - a potion of flight {unknown}


   Skills:
 - Level 3.2 Fighting
 - Level 2.6 Armour
 - Level 2.6 Shields
 + Level 4.1 Unarmed Combat


You had 2 spell levels left.
You didn't know any spells.
Your spell library was empty.

Dungeon Overview and Level Annotations

Branches:
Dungeon (2/15)

Altars:

Annotations:
D:2 Terence


Innate Abilities, Weirdness & Mutations

You are immune to poison.
You have sharp fingernails.
Your flesh is cold resistant. (rC+)
You are immune to negative energy. (rN+++)
You do not regenerate when monsters are visible.
You are immune to unholy pain and torment.
You thrive by killing the living.


Message History

Terence closely misses you.
A rat comes into view.
You barely miss Terence.
Terence is moderately wounded.
Terence hits you but does no damage.
You scratch Terence.
Terence is heavily wounded.
You claw Terence!
Terence is almost dead.
Terence hits you with a +0 flail.
You barely miss Terence.
Terence is almost dead.
Terence drinks a potion.
Terence is healed!
You barely miss Terence. Terence hits you with a +0 flail.
You barely miss Terence. Terence hits you with a +0 flail.
You barely miss Terence. Terence hits you with a +0 flail.
You scratch Terence.
Terence is lightly wounded.
Terence says, "Don't bother to defend, it's senseless."
Terence hits you with a +0 flail.
You scratch Terence.
Terence is moderately wounded.
Terence bares his teeth.
Terence hits you with a +0 flail.
* * * LOW HITPOINT WARNING * * *
You closely miss Terence.
Terence is moderately wounded.
Terence hits you with a +0 flail.
* * * LOW HITPOINT WARNING * * *
You scratch Terence but do no damage.
Terence is moderately wounded.
Terence barely misses you.
You claw Terence!
Terence is almost dead.
Terence hits you with a +0 flail.
* * * LOW HITPOINT WARNING * * *
You barely miss Terence.
Terence is almost dead.
Terence hits you with a +0 flail!
You die...

#.###### . . ......# . .
#.....## ..#.# #.#....#
.@#.#......#
........#..##############
##.##S.†..##............
##.#...#S###...............
$....(..g@@#.#.............
##.#...#.###...............
##.##...................
... ...#.##.............
?.# #...........#########
#.#. #.#.........# #### # .
#...........#### #... # !.
.........'..###.##
..(.....##...#.##


You could see Terence, a hobgoblin and a ball python.

Vanquished Creatures
  An adder (D:2)
  5 endoplasms (D:1)
  A giant cockroach (D:1)
  4 hobgoblins
  A jackal (D:2)
  A quokka (D:2)
  2 ball pythons (D:1)
  4 bats
  A frilled lizard (D:2)
  3 kobolds
  6 rats
29 creatures vanquished.

Notes
Turn   | Place    | Note
-------+----------+-------------------------------------------
     0 | D:1      | cdecastro the Ghoul Fighter began the quest for the Orb.
     0 | D:1      | Reached XP level 1. HP: 19/19 MP: 0/0
   197 | D:1      | Reached skill level 3 in Unarmed Combat
   197 | D:1      | Reached XP level 2. HP: 25/26 MP: 1/1
  1081 | D:2      | Reached XP level 3. HP: 31/31 MP: 2/2
  1214 | D:2      | Noticed Terence
  1228 | D:2      | Reached skill level 4 in Unarmed Combat
  1241 | D:2      | Slain by Terence

Illustrated notes

Levels and vault maps discovered:
D:1:      dpeg_arrival_tiny_k, layout_basic, serial_curves, eino_curves_02,
          eino_curves_02
D:2:      layout_basic, minmay_fractal_squares_5, uniq_terence

Skill      XL: |  1  2  3 |
---------------+----------+-----
Unarmed Combat | 3 4 |  4.1
Fighting       | |  3.2
Armour         | |  2.6
Shields        | |  2.6

Action                     || total
---------------------------++-------
  Melee: Unarmed           ||    94
    Use: Potion            ||     1
 Armour: Scale mail        ||    32
  Dodge: Dodged            ||    37
  Block: Buckler           ||    14
